 Dungeon Crawl Stone Soup version 0.30-a0-862-g1aabd4f9c5 (webtiles) character file.

Game seed: 5210065691199255661

274 jasper the Insei (level 6, -5/46 HPs)
             Began as a Djinni Gladiator on Mar 9, 2023.
             Splashed by a jelly's acid (9 damage)
             ... on level 4 of the Dungeon.
             The game lasted 00:05:25 (3171 turns).

jasper the Insei (Djinni Gladiator)                 Turns: 3171, Time: 00:05:25

Health: -5/46      AC: -12   Str: 13    XL:     6   Next: 49%
Gold:   192        EV: 13    Int: 10    God:
                   SH:  0    Dex: 16

rFire   + + .      SeeInvis .      - Unarmed
rCold   x . .      Faith    .    (no shield)
rNeg    + . .      Spirit   .    a - +0 leather armour
rPois   ∞          Reflect  .    t - +2 hat
rElec   .          Rampage  .    i - +1 cloak
rCorr   .                        (no gloves)
Will    +....                    (boots unavailable)
Stlth   +                        (no amulet)
HPRegen 0.27/turn                g - ring of willpower
MPRegen 0.00/turn                q - ring of positive energy

@: corroded, flying
A: sickness immunity, fire resistance 2, cold vulnerability 1, float, innate
caster, HP casting, extra vitality 1
a: no special abilities


You were on level 4 of the Dungeon.
You visited 1 branch of the dungeon, and saw 4 of its levels.

You collected 192 gold pieces.

Inventory:

Missiles
 c - 3 throwing nets
 d - a javelin
 n - 54 stones (quivered)
Armour
 a - a +0 leather armour (worn)
 b - a +0 helmet
 i - a +1 cloak (worn)
 t - a +2 hat (worn)
 u - a +0 chain mail
Magical Staves
 f - a staff of fire
Jewellery
 g - a ring of willpower (left hand)
 q - a ring of positive energy (right hand)
Wands
 v - a wand of roots (2)
Scrolls
 m - a scroll of identify
 p - a scroll of poison
Potions
 e - 3 potions of curing
 h - a potion of invisibility {unknown}
 j - 2 potions of attraction
 k - a potion of mutation {unknown}
 l - a potion of resistance {unknown}
 o - a potion of flight {unknown}
 r - a potion of lignification {unknown}


   Skills:
 + Level 3.2 Fighting
 - Level 1.5 Throwing
 + Level 2.3 Armour
 + Level 4.4 Dodging
 * Level 4.9 Unarmed Combat


You knew the following spells:

 Your Spells              Type           Power      Damage    Failure   Level
a - Foxfire               Conj/Fire      0%         2x1d4     43%         1
b - Ensorcelled Hibernat  Hex/Ice        0%         N/A       58%         2
Your spell library was empty.

Dungeon Overview and Level Annotations

Branches:
Dungeon (4/15)
 Temple: D:4-7

Altars:


Innate Abilities, Weirdness & Mutations

You are immune to sickness and miasma.
You are immune to poison.
Your flesh is very heat resistant. (rF++)
You are vulnerable to cold. (rC-)
You float through the air rather than walking.
You learn spells naturally, not from books.
Your magical power is your life essence.
You have superior vitality. (+4 MHP)


Message History

The jelly is heavily wounded.
The orc barely misses you. The jelly hits you but does no damage.
You take 3 damage, and have 42/46 hp.
You hit the orc.
The orc is severely wounded.
The orc hits you with a +0 hand axe.
You take 5 damage, and have 37/46 hp.
You closely miss the orc.
The orc is severely wounded.
The orc hits you but does no damage.
You hit the orc.
You kill the orc!
The jelly barely misses you.
You see here a +0 hand axe.
You hit the jelly. The acid corrodes you!
Your hands burn!
The jelly is heavily wounded.
The jelly hits you. The acid corrodes you!
You are splashed with acid!
You take 15 damage, and have 22/46 hp.
MASSIVE DAMAGE!!
You barely miss the jelly.
The jelly is heavily wounded.
The jelly barely misses you.
You hit the jelly but do no damage. The acid corrodes you!
Your hands burn!
You punch the jelly.
The jelly is heavily wounded.
The jelly closely misses you.
You take 2 damage, and have 20/46 hp.
You hit the jelly but do no damage.
Your hands burn!
The jelly is heavily wounded.
The jelly hits you.
* * * LOW HITPOINT WARNING * * *
The acid corrodes you!
You are splashed with acid.
* * * LOW HITPOINT WARNING * * *
You take 14 damage, and have 6/46 hp.
MASSIVE DAMAGE!!
You hit the jelly but do no damage. The acid corrodes you!
Your hands burn!
* * * LOW HITPOINT WARNING * * *
The jelly is heavily wounded.
The jelly hits you.
* * * LOW HITPOINT WARNING * * *
You are splashed with acid!
You die...

.....[..............#
..........#.........# .
...<.........#.#.##### ..
...................... ...
..........#####.>#.###
..............# #.##.###
.............## #.##....
......####...# ##.######
#...)J@.#.#####..### #
.......).###..........# #
......#...............# #
.....##.####..........####
..... ..................##
.... ...####..........#..#
... ##..# #..........##..
... #..# #..........###.
#########.## #.


You could see a jelly.

Vanquished Creatures
  An ogre (D:4)
  A jelly (D:4)
  Robin (D:2)
  4 gnolls
  4 adders
  2 worms
  2 orcs
  5 bats
  6 endoplasms
  6 giant cockroaches
  6 hobgoblins
  3 jackals (D:1)
  3 quokkas (D:1)
  6 ball pythons
  2 frilled lizards (D:1)
  11 goblins
  4 kobolds
  3 rats (D:1)
  A spectral goblin (D:3)
71 creatures vanquished.

Notes
Turn   | Place    | Note
-------+----------+-------------------------------------------
     0 | D:1      | jasper the Djinni Gladiator began the quest for the Orb.
     0 | D:1      | Reached XP level 1. HP: 18/18 MP: 0/0
   205 | D:1      | Reached XP level 2. HP: 22/23 MP: 0/0
   430 | D:1      | Reached XP level 3. HP: 28/28 MP: 0/0
   430 | D:1      | Learned a level 1 spell: Foxfire
   543 | D:1      | Reached skill level 1 in Armour
  1360 | D:2      | Reached XP level 4. HP: 28/34 MP: 0/0
  1497 | D:2      | Noticed Robin
  1514 | D:2      | Killed Robin
  1811 | D:2      | Reached XP level 5. HP: 39/39 MP: 0/0
  1811 | D:2      | Learned a level 2 spell: Ensorcelled Hibernation
  2151 | D:3      | Found a faded altar of an unknown god.
  3076 | D:4      | Reached XP level 6. HP: 45/46 MP: 0/0
  3146 | D:4      | Noticed an ogre
  3154 | D:4      | Killed an ogre
  3171 | D:4      | Splashed by a jelly's acid

Illustrated notes

Levels and vault maps discovered:
D:1:      dpeg_arrival_brainrot, layout_loops_ring
D:2:      layout_loops_ring, uniq_robin
D:3:      layout_rooms, dreamdust_ecumenical_altar_drowned_temple, moated_statue
D:4:      layout_rooms, lemuel_crystal_altar, kennysheep_diamond

Skill      XL: |  1  2  3  4  5 |
---------------+----------------+-----
Armour         | 1 2 |  2.3
Unarmed Combat | 4 |  4.9
Dodging        | 4 |  4.4
Fighting       | 3 |  3.2
Throwing       | |  1.5

Action                     |  1- 3 |  4- 6 || total
---------------------------+-------+-------++-------
  Melee: Unarmed           |   132 |   213 ||   345
         Punch             |       |    12 ||    12
  Evoke: Wand              |       |     4 ||     4
    Use: Scroll            |     6 |     4 ||    10
   Stab: Sleeping          |     1 |     2 ||     3
 Armour: Leather armour    |    45 |    72 ||   117
  Dodge: Dodged            |    96 |   161 ||   257

Table legend: (Time is in decaauts)
 A = Elapsed time spent in this place.
 B = Non-inter-level travel time spent in this place.
 C = Inter-level travel time spent in this place.
 D = Time resting spent in this place.
 E = Time spent auto-exploring this place.
 F = Levels seen in this place.
 G = Mean time per level.
                   A        B        C        D        E       F      G
               +--------+--------+--------+--------+--------+-----+--------+
         Total |   3140 |   3042 |     98 |    459 |   1753 |   4 |  785.0 |
       Dungeon |   3140 |   3042 |     98 |    459 |   1753 |   4 |  785.0 |
               +--------+--------+--------+--------+--------+-----+--------+

Top non-repeatable levels by time:
     D:1: 1270 daAuts
     D:2: 974 daAuts
     D:3: 697 daAuts
     D:4: 198 daAuts
